 Dungeon Crawl Stone Soup version 0.23.2 (webtiles) character file.

Game seed: 3529544460220650061

187 1994 the Skirmisher (level 5, -1/43 HPs)
             Began as a Formicid Berserker on Apr 3, 2019.
             Was an Initiate of Yredelemnul.
             Slain by a white imp (3 damage)
             ... summoned by Natasha
             ... on level 3 of the Dungeon.
             The game lasted 00:12:00 (3891 turns).

1994 the Skirmisher (Formicid Berserker)            Turns: 3891, Time: 00:12:01

Health: -1/43      AC:  5    Str: 22    XL:     5   Next: 99%
Magic:  5/5        EV: 11    Int:  7    God:    Yredelemnul [......]
Gold:   197        SH:  0    Dex: 10    Spells: 4/4 levels left

rFire    . . .     SeeInvis +   a - +0 falchion
rCold    . . .     Gourm    .   (no shield)
rNeg     . . .     Faith    .   k - +0 ring mail
rPois    .         Spirit   .   (helmet unavailable)
rElec    .         Reflect  .   (no cloak)
rCorr    .         Harm     .   (no gloves)
MR       .....                  (no boots)
Stlth    +.........             (no amulet)
HPRegen  0.14/turn              (no ring)
MPRegen  0.09/turn              (no ring)

@: no status effects
A: permanent stasis, dig shafts and tunnels, four strong arms, antennae 3
a: Dig, Shaft Self, Renounce Religion


You were on level 3 of the Dungeon.
You worshipped Yredelemnul.
Yredelemnul was noncommittal.
You were not hungry.

You visited 1 branch of the dungeon, and saw 3 of its levels.

You collected 197 gold pieces.

Inventory:

Hand Weapons
 a - a +0 falchion (weapon)
Armour
 b - a +0 animal skin
 k - a +0 ring mail (worn)
Jewellery
 e - an uncursed ring of ice
 j - an uncursed ring of ice
 r - an uncursed ring of resist corrosion
Scrolls
 d - a scroll of random uselessness {unknown}
 g - a scroll of teleportation {unknown}
 h - 2 scrolls of identify {unknown}
 i - a scroll of enchant armour {unknown}
 l - 2 scrolls of remove curse {unknown}
Potions
 f - 3 potions of mutation {unknown}
 m - a potion of cancellation {unknown}
 n - a potion of heal wounds {unknown}
 o - a potion of might {unknown}
 p - 2 potions of curing {unknown}
 q - 2 potions of brilliance {unknown}
Comestibles
 c - 6 rations


   Skills:
 * Level 4.6 Fighting
 * Level 4.3 Long Blades
 - Level 2.2 Armour
 + Level 2.5 Dodging
 - Level 2.0 Stealth
 + Level 1.1 Invocations


You had 4 spell levels left.
You didn't know any spells.
Your spell library was empty.

Dungeon Overview and Level Annotations

Branches:
Dungeon (3/15)

Altars:
Yredelemnul

Annotations:
D:3 Natasha


Innate Abilities, Weirdness & Mutations

You cannot be hasted, slowed, berserked, paralysed or teleported.
You can dig through walls and to a lower floor.
Your four strong arms can wield two-handed weapons with a shield.
You have a pair of large antennae on your head. (SInv)


Message History

Natasha is lightly wounded.
The goblin shoots a stone.
The stone barely misses you. Natasha closely misses you.
The white imp hits you but does no damage.
You miss Natasha.
Natasha is lightly wounded.
The goblin shoots a stone.
The stone hits you.
* * * LOW HITPOINT WARNING * * *
Natasha misses you.
The white imp grinds its teeth.
The white imp hits you but does no damage.
You hit Natasha.
Natasha is moderately wounded.
Natasha claws you.
* * * LOW HITPOINT WARNING * * *
The white imp hits you.
* * * LOW HITPOINT WARNING * * *
The white imp freezes you.
You die...
Your body rises from the dead as a mindless zombie.

#>##.#####.####.#
##.# #.##.# ..#.
#.# #.##.# #.#.#
##.# #.##.#
#.##.###.## #
#.##.# #.# #...##
###.##.#
##.#####.#
....##.#
#........#
###.##.#
#####.5####### #
........@h...#
.######.####.#
#g.# ...## #...
..... #.....
.....


You could see Natasha, a white imp and a goblin.

Vanquished Creatures
  Jessica (D:3)
  7 adders
  An ooze (D:1)
  3 worms
  2 dart slugs
  A leopard gecko (D:1)
  An orc (D:3)
  10 bats
  5 giant cockroaches
  11 goblins
  6 hobgoblins
  13 jackals
  A ball python (D:2)
  3 frilled lizards
  2 gnoll zombies (D:2)
  4 kobolds
  6 rats
77 creatures vanquished.

Notes
Turn   | Place    | Note
-------+----------+-------------------------------------------
     0 | D:1      | 1994 the Formicid Berserker began the quest for the Orb.
     0 | D:1      | Reached XP level 1. HP: 18/18 MP: 1/1
    56 | D:1      | Reached XP level 2. HP: 19/24 MP: 2/2
   404 | D:1      | Reached skill level 1 in Stealth
   414 | D:1      | Reached XP level 3. HP: 15/29 MP: 3/3
   416 | D:1      | Reached ** piety under Trog
  1479 | D:2      | Reached XP level 4. HP: 15/37 MP: 4/4
  1785 | D:2      | Fell from the grace of Trog
  2642 | D:2      | Found a basalt altar of Yredelemnul.
  2650 | D:2      | Became a worshipper of Yredelemnul the Dark
  2911 | D:2      | Reached XP level 5. HP: 29/42 MP: 5/5
  3656 | D:3      | Noticed Jessica
  3664 | D:3      | Killed Jessica
  3664 | D:3      | Reached skill level 1 in Invocations
  3874 | D:3      | Noticed Natasha
  3891 | D:3      | HP: 2/43 [white imp[Natasha] (1)]
  3891 | D:3      | Slain by a white imp

Skill      XL: |  1  2  3  4  5 |
---------------+----------------+-----
Dodging        | 2 |  2.5
Stealth        | 1 2 |  2.0
Fighting       | 4 |  4.6
Long Blades    | 4 |  4.3
Invocations    | 1 |  1.1
Armour         | |  2.2

Action                   |  1- 3 |  4- 6 || total
-------------------------+-------+-------++-------
Melee: Falchion          |   103 |   180 ||   283
Invok: Trog's Hand       |       |     1 ||     1
       Renounce Religion |       |     1 ||     1
 Abil: Dig               |     3 |       ||     3
 Stab: Sleeping          |     1 |       ||     1
  Eat: Chunk             |     2 |     8 ||    10
Armor: Animal skin       |    29 |    12 ||    41
       Ring mail         |       |    61 ||    61
Dodge: Dodged            |    95 |   117 ||   212
       Rpst.: Falchion   |    31 |    31 ||    62
